Map: Undercurrent LE

Players

Vulcan - Winner!

  • Race: Protoss Protoss
  • Spawn Location: 3:00

Troniak - Winner!

  • Race: Zerg Zerg
  • League: Diamond
  • Spawn Location: 1:00

Ekelpack

  • Race: Zerg Zerg
  • Spawn Location: 7:00

Nyck

  • Race: Terran Terran
  • Spawn Location: 7:00

VOD

Have the link to the VOD?

Description

Time

  • Played on: April 18, 2025, 2:45 p.m.
  • Length: 12:45
Show
View Real Time Build Order
Export as new Build Order

Vulcan Protoss - Winner!

Build Orders: Nexus First, Carriers 

Get SALT Encoding   

  1  0:00  Probe  
  12  0:07  Probe  
  14  0:15  Probe  
  15  0:46  Nexus  
  15  0:56  Pylon  
  15  0:58  Assimilator  
  15  1:09  Pylon  
  15  1:19  Gateway  
  15  1:20  Probe  
  16  1:28  Probe  
  16  1:32  Assimilator  
  17  1:38  Probe  
  18  1:50  Probe  
  19  1:54  Probe  
  20  2:02  Probe  
  20  2:04  Pylon  
  21  2:13  Probe  
  21  2:15  Cybernetics Core  
  22  2:18  Probe  
  22  2:21  Probe  
  23  2:29  Probe  
  25  2:38  Probe  
  26  2:48  Stalker  
  26  2:55  Probe x2  
  30  3:20  Stargate, Probe x2  
  30  3:23  Stargate  
  32  3:29  Stalker  
  34  3:44  Probe  
  34  3:47  Protoss Air Weapons Level 1, Probe  
  36  3:50  Assimilator  
  36  3:52  Probe  
  36  3:53  Assimilator  
  36  3:59  Probe  
  38  4:03  Probe  
  38  4:05  Pylon  
  43  4:10  Void Ray  
  43  4:11  Probe  
  44  4:18  Probe  
  44  4:19  Pylon  
  49  4:26  Probe  
  49  4:29  Void Ray  
  50  4:52  Stalker  
  50  5:07  Probe x2, Void Ray  
  54  5:14  Void Ray  
  60  5:15  Probe x2  
  62  5:30  Fleet Beacon  
  62  5:34  Pylon  
  62  5:38  Pylon  
  62  5:40  Nexus, Stargate  
  62  5:52  Probe x2  
  62  5:55  Protoss Air Armor Level 1  
  68  6:02  Void Ray  
  72  6:05  Void Ray  
  72  6:12  Pylon  
  72  6:16  Pylon  
  72  6:17  Carrier  
  72  6:19  Pylon  
  72  6:26  Cybernetics Core  
  78  6:43  Carrier  
  84  7:03  Probe  
  85  7:11  Probe  
  86  7:24  Carrier  
  92  7:31  Probe x3  
  95  7:39  Protoss Air Weapons Level 2  
  95  7:45  Assimilator x2, Carrier  
  95  7:50  Probe x3  
  104  8:05  Void Ray  
  108  8:14  Probe x3  
  111  8:29  Stargate  
  111  8:42  Probe x2  
  111  8:43  Probe  
  114  8:55  Pylon  
  114  8:56  Pylon  
  114  8:58  Pylon  
  114  8:59  Pylon x2  
  114  9:02  Pylon  
  114  9:13  Carrier  
  114  9:14  Carrier  
  104  9:51  Carrier x2  
  116  10:06  Protoss Air Armor Level 2  
  116  10:19  Stargate x2  
  116  10:29  Nexus  
  116  11:04  Carrier x2  
  116  11:05  Carrier x2  
  140  11:25  Void Ray x2  
Show
View Real Time Build Order
Export as new Build Order

Troniak Zerg - Winner!

Build Orders: Hatch First 

Get SALT Encoding   

  12  0:00  Drone  
  13  0:12  Overlord  
  13  0:17  Drone  
  14  0:30  Drone x2  
  14  0:34  Drone  
  17  0:45  Drone  
  18  0:57  Hatchery  
  17  1:05  Drone  
  17  1:07  Drone  
  19  1:17  Extractor  
  18  1:20  Spawning Pool  
  17  1:32  Drone x2  
  19  1:41  Overlord  
  19  2:07  Zergling x4  
  19  2:08  Queen  
  21  2:12  Zergling x2  
  24  2:18  Drone, Queen  
  27  2:23  Metabolic Boost  
  27  2:30  Drone  
  27  2:31  Drone  
  29  2:41  Drone x2  
  31  2:51  Extractor  
  31  2:54  Drone x2  
  31  2:55  Drone x2  
  35  3:04  Drone  
  36  3:07  Baneling Nest  
  36  3:09  Drone  
  36  3:14  Overlord  
  36  3:18  Overlord  
  36  3:30  Overlord  
  36  3:33  Lair  
  36  3:35  Drone  
  36  3:36  Extractor  
  36  3:37  Drone x3  
  36  3:39  Drone  
  40  3:53  Hatchery  
  39  4:09  Drone, Roach Warren  
  39  4:11  Drone x4  
  39  4:12  Drone  
  39  4:13  Drone  
  45  4:18  Extractor  
  45  4:19  Extractor  
  45  4:20  Baneling x2  
  45  4:21  Zergling x2  
  41  4:34  Queen  
  41  4:38  Drone x3  
  42  4:40  Zergling x2  
  42  4:41  Zergling x2  
  45  4:47  Drone x3  
  45  4:49  Baneling x2  
  48  5:01  Drone  
  48  5:02  Drone x2  
  48  5:03  Drone x3  
  54  5:12  Spore Crawler  
  54  5:14  Queen  
  53  5:17  Drone  
  53  5:18  Drone x4  
  60  5:24  Glial Reconstitution  
  60  5:30  Drone x2  
  60  5:33  Evolution Chamber  
  60  5:34  Overlord, Evolution Chamber  
  60  5:37  Overlord  
  60  5:38  Overseer  
  60  5:44  Roach x2  
  60  5:46  Roach  
  66  5:53  Drone  
  66  5:54  Drone x4  
  71  5:59  Roach x3  
  77  6:12  Pneumatized Carapace  
  77  6:16  Drone  
  77  6:18  Drone, Infestation Pit, Spore Crawler  
  76  6:21  Zerg Missile Weapons Level 1, Zerg Ground Armor Level 1  
  76  6:25  Drone  
  78  6:27  Drone x5, Hydralisk Den  
  78  6:31  Overlord  
  78  6:32  Overlord  
  82  6:34  Overlord  
  82  6:45  Extractor  
  82  6:46  Extractor  
  72  6:55  Spore Crawler  
  71  7:02  Drone x3  
  71  7:03  Drone x3  
  71  7:04  Drone x4  
  71  7:05  Hydralisk x4  
  89  7:16  Hydralisk x3  
  89  7:21  Drone  
  96  7:24  Neural Parasite  
  96  7:26  Grooved Spines  
  96  7:31  Infestor  
  96  7:32  Infestor  
  96  7:34  Hatchery  
  96  7:36  Drone x2  
  102  7:37  Drone  
  102  7:44  Extractor  
  102  7:48  Hydralisk  
  102  7:49  Extractor  
  102  7:50  Overlord x4  
  102  8:02  Drone x3  
  102  8:04  Overlord x3  
  105  8:15  Hydralisk x4, Lurker Den  
  105  8:16  Hydralisk, Muscular Augments  
  105  8:19  Zerg Missile Weapons Level 2  
  110  8:33  Infestor  
  107  8:39  Queen  
  109  8:42  Drone  
  109  8:44  Drone x3  
  109  8:45  Spore Crawler  
  109  8:47  Drone x4  
  116  8:50  Spore Crawler  
  116  8:51  Drone x2, Spore Crawler  
  116  8:52  Drone x2  
  118  9:03  Nydus Network  
  118  9:04  Hive  
  118  9:05  Burrow  
  115  9:15  Drone  
  112  9:22  Spine Crawler  
  112  9:23  Spine Crawler  
  110  9:24  Drone x3  
  110  9:25  Drone x4, Spine Crawler  
  115  9:32  Hydralisk x2  
  115  9:33  Hydralisk x7  
  131  9:50  Hydralisk x2  
  131  9:51  Hydralisk x6  
  147  9:56  Queen  
  147  9:59  Drone x2  
  151  10:03  Zerg Ground Armor Level 2  
  151  10:16  Overlord x2  
  151  10:17  Overlord x2  
  151  10:33  Extractor  
  151  10:34  Hatchery  
  149  10:36  Infestor x3  
  149  10:37  Extractor  
  149  10:39  Lurker x2  
  156  10:49  Nydus Canal  
  156  11:00  Drone x3  
  156  11:01  Drone x2  
  161  11:15  Nydus Canal  
  161  11:18  Hydralisk, Ravager  
  162  11:19  Hydralisk x5  
  154  11:46  Hydralisk x11  
  146  11:54  Drone x3  
  166  11:55  Drone x3  
  158  12:09  Hydralisk  
  158  12:10  Hydralisk x8  
Show
View Real Time Build Order
Export as new Build Order

Ekelpack Zerg 

Build Orders: Hatch First 

Get SALT Encoding   

  12  0:00  Drone  
  13  0:12  Overlord  
  13  0:16  Drone  
  14  0:30  Drone x2  
  14  0:34  Drone  
  17  0:52  Hatchery  
  17  0:53  Drone  
  17  0:56  Extractor  
  16  1:03  Drone  
  17  1:13  Spawning Pool  
  17  1:16  Drone  
  17  1:20  Drone  
  18  1:33  Drone  
  19  1:42  Drone  
  20  1:59  Metabolic Boost  
  20  2:00  Queen  
  22  2:04  Queen  
  22  2:05  Drone  
  25  2:10  Drone  
  25  2:15  Overlord  
  26  2:19  Drone  
  26  2:21  Drone  
  28  2:33  Drone x2  
  28  2:35  Drone  
  31  2:43  Drone  
  32  2:44  Drone  
  32  2:47  Extractor  
  32  2:51  Drone  
  33  2:59  Lair  
  33  3:00  Overlord  
  33  3:03  Drone  
  34  3:06  Drone  
  34  3:09  Drone, Extractor  
  34  3:11  Drone  
  36  3:19  Overlord  
  36  3:21  Drone x4  
  36  3:24  Extractor, Zergling x2  
  40  3:35  Drone  
  40  3:40  Drone  
  42  3:42  Zergling x2  
  42  3:46  Zergling x6  
  42  3:47  Zergling x2  
  47  3:51  Drone x3  
  50  4:01  Spire  
  49  4:03  Drone  
  49  4:07  Overlord x2  
  46  4:41  Zergling x16  
  54  4:54  Zergling x8  
  58  5:14  Mutalisk x4  
  58  5:15  Zerg Flyer Weapons Level 1  
  66  5:21  Mutalisk  
  66  5:25  Overlord  
  68  5:30  Overlord  
  68  5:50  Mutalisk x7  
  68  5:51  Mutalisk  
  68  5:53  Overlord  
  68  5:54  Hatchery  
  83  6:11  Queen  
  85  6:22  Overlord  
  85  6:32  Overlord x2  
  85  6:33  Zergling x14  
  92  6:40  Infestation Pit  
  91  7:02  Drone x5  
  91  7:03  Drone x4  
  98  7:24  Drone x7  
  105  7:30  Hydralisk Den  
  105  7:32  Drone  
  105  7:38  Evolution Chamber  
  105  7:39  Evolution Chamber  
  105  7:43  Extractor  
  103  7:44  Drone  
  103  7:45  Extractor  
  102  7:51  Zerg Flyer Weapons Level 2  
  102  7:53  Corruptor  
  102  7:54  Corruptor x6  
  116  8:05  Zerg Missile Weapons Level 1  
  116  8:06  Zerg Ground Armor Level 1  
  116  8:07  Grooved Spines  
  100  8:42  Hive  
  100  8:46  Zergling x2  
  100  8:47  Zergling x30  
  116  8:58  Muscular Augments  
  116  9:19  Hydralisk x3  
  116  9:21  Overlord x4  
  116  9:22  Overlord  
  81  9:48  Zergling x2  
  81  9:49  Zergling x14  
  89  10:02  Zerg Ground Armor Level 2, Zerg Missile Weapons Level 2  
  89  10:05  Hydralisk  
  89  10:06  Hydralisk x3  
  97  10:21  Adrenal Glands  
  97  10:22  Zergling x2  
  98  10:42  Hydralisk  
  94  10:43  Hydralisk x9  
  109  11:08  Unknown  
  109  11:13  Pneumatized Carapace  
  109  11:14  Overseer  
  109  11:16  Hydralisk  
  109  11:17  Hydralisk x7  
  105  12:00  Hydralisk  
  105  12:01  Hydralisk x10  
  107  12:07  Hatchery  
Show
View Real Time Build Order
Export as new Build Order

Nyck Terran 

Build Orders: 2 Factory, Reaper Expand, Mech 

Get SALT Encoding   

  12  0:00  SCV  
  13  0:12  SCV  
  14  0:18  Supply Depot  
  14  0:24  SCV  
  15  0:39  SCV  
  15  0:41  Barracks  
  16  0:51  SCV  
  16  0:54  Refinery  
  16  0:55  Refinery  
  17  1:04  SCV  
  18  1:17  SCV  
  19  1:33  Reaper  
  19  1:34  Orbital Command  
  20  2:01  Command Center  
  20  2:03  SCV  
  21  2:15  SCV  
  22  2:20  Factory  
  22  2:23  Factory  
  22  2:29  SCV  
  23  3:07  Supply Depot, SCV  
  23  3:08  Factory Tech Lab x2  
  23  3:11  Factory  
  24  3:13  Supply Depot  
  24  3:15  Orbital Command  
  24  3:21  SCV  
  24  3:27  Siege Tank  
  28  3:33  Siege Tank  
  32  3:34  SCV  
  32  3:41  SCV  
  33  3:46  Supply Depot  
  33  3:49  SCV  
  34  3:55  Supply Depot  
  34  3:56  Factory Tech Lab  
  34  4:06  Supply Depot  
  34  4:16  SCV x2  
  36  4:19  Supply Depot  
  36  4:27  Supply Depot  
  36  4:31  SCV x2  
  38  4:47  Supply Depot  
  38  4:50  SCV x2  
  38  4:52  Starport  
  40  4:55  Refinery  
  40  4:56  Refinery  
  40  5:01  Siege Tank  
  40  5:02  Siege Tank  
  40  5:06  Widow Mine  
  48  5:09  SCV  
  49  5:15  SCV  
  50  5:21  SCV  
  50  5:25  Supply Depot  
  51  5:28  SCV  
  52  5:45  Siege Tank, Command Center  
  52  5:46  Siege Tank x2  
  61  5:53  SCV x2  
  63  6:05  SCV x2  
  65  6:12  Armory  
  65  6:14  Armory  
  65  6:30  SCV  
  65  6:31  SCV  
  67  6:42  Engineering Bay  
  67  6:43  SCV x2  
  67  6:44  Siege Tank  
  67  6:45  Siege Tank x2  
  78  6:47  Medivac  
  80  7:17  Cyclone x3  
  89  7:23  Hi-Sec Auto Tracking  
  89  7:37  Missile Turret, Planetary Fortress  
  89  8:01  SCV x2  
  89  8:04  Missile Turret  
  91  8:13  SCV x2  
  91  8:19  Thor x2  
  99  8:23  Terran Vehicle Weapons Level 1, Missile Turret  
  105  8:32  Refinery  
  105  8:33  SCV x3  
  108  8:36  Refinery  
  108  8:39  Terran Vehicle And Ship Armor Level 1  
  108  8:42  Missile Turret  
  108  8:43  Command Center  
  108  8:48  Command Center  
  108  8:49  Thor  
  114  9:04  Missile Turret, SCV x3  
  114  9:07  Thor  
  114  9:09  Thor x2  
  115  9:24  Missile Turret  
  114  10:11  SCV x2  
  116  10:22  Terran Vehicle Weapons Level 2  
  116  10:24  Neosteel Armor  
  116  10:37  Planetary Fortress  
  116  10:50  Planetary Fortress  
  116  10:51  SCV x2  
  118  10:59  Thor  
  118  11:00  Thor x2  
  118  11:03  SCV x2  
  138  11:17  SCV  
  138  11:18  SCV x2  
  141  11:42  Thor  
Tags
 
Add a new tag
Caveats
  • Supply blocks, unpowered buildings, or Contaminate may cause inaccurate times.
  • Supply counts are checked every 10 seconds.